 Dungeon Crawl Stone Soup version 0.19-a0-981-gaae9137 (webtiles) character file.

120 truemonolith the Cutter (level 5, -1/35 HPs)
             Began as a Halfling Berserker on July 14, 2016.
             Was a Believer of Trog.
             Slain by an adder (5 damage)
             ... on level 3 of the Dungeon.
             The game lasted 00:05:54 (3314 turns).

truemonolith the Cutter (Halfling Berserker)        Turns: 3314, Time: 00:05:55

Health: -1/35      AC:  2    Str: 18    XL:     5   Next: 25%
Magic:  5/5        EV: 15    Int:  6    God:    Trog [**....]
Gold:   182        SH:  0    Dex: 14    Spells: 0 memorised, 4 levels left

rFire  . . .     SeeInvis .     a - +0 short sword
rCold  . . .     Gourm    .     b - +0 animal skin
rNeg   . . .     Faith    .     (shield restricted)
rPois  .         Spirit   .     (no helmet)
rElec  .         Dismiss  .     (no cloak)
rCorr  .         Reflect  .     (no gloves)
SustAt .         Harm     .     (no boots)
MR     .....                    (no amulet)
Stlth  +.........               (no ring)
                                (no ring)

@: lethally poisoned (-1 -> -2), not resistant to hostile enchantments, very
unstealthy
A: mutation resistance 1
a: Berserk, Trog's Hand, Burn Spellbooks, Renounce Religion


You were on level 3 of the Dungeon.
You worshipped Trog.
Trog was pleased with you.
You were not hungry.

You visited 1 branch of the dungeon, and saw 3 of its levels.

You collected 182 gold pieces.

Inventory:

Hand Weapons
 a - a +0 short sword (weapon)
Armour
 b - a +0 animal skin (worn)
Scrolls
 e - a scroll of enchant armour {unknown}
 g - a scroll of enchant weapon {unknown}
 h - a scroll of random uselessness {unknown}
 k - a scroll of remove curse {unknown}
 l - a scroll of teleportation {unknown}
 m - a scroll of amnesia {unknown}
Potions
 d - a potion of curing
Comestibles
 c - 2 bread rations
 i - a meat ration
 j - 3 fruits


   Skills:
 - Level 2.6 Fighting
 + Level 7.3 Short Blades
 - Level 2.1 Armour
 - Level 2.1 Dodging


You had 4 spell levels left.
You didn't know any spells.

Dungeon Overview and Level Annotations

Branches:
Dungeon (3/15)

Altars:
Elyvilon
The Shining One


Innate Abilities, Weirdness & Mutations

You are small and have problems with some larger weapons.
You are somewhat resistant to further mutation.


Message History

The adder is severely wounded.
The adder closely misses you.
You completely miss the adder.
The adder is severely wounded.
The adder bites you but does no damage.
You miss the adder.
The adder is severely wounded.
The adder bites you.
* * * LOW HITPOINT WARNING * * *
You closely miss the adder.
The adder is severely wounded.
You feel sick. The adder bites you.
* * * LOW HITPOINT WARNING * * *
You miss the adder.
The adder is severely wounded.
The adder barely misses you.
You miss the adder.
The adder is severely wounded.
The adder bites you.
You die...

## ..... #. ....#
#....... #.#...$#
#.#..#.#.# #.#......#
####.######.S....#
.....#......@#.#
#.......####.#.#
##<##.#..#.....)# ####
..##.#..#.##!##.......#
# #.##.#..#.##.#
.####... #
#.##.##.#.......#
.####..####.##
#...†........####
.##..........#
####.†.....###
#.##.#.........
###...### #........#
...


You could see an adder.

Vanquished Creatures
  An orc wizard (D:2)
  Natasha (D:3)
  An ooze (D:1)
  3 worms (D:2)
  2 dart slugs
  A giant gecko (D:2)
  2 orcs (D:2)
  A ball python (D:1)
  2 giant cockroaches
  2 goblins (D:2)
  7 hobgoblins
  11 kobolds
  A quokka (D:3)
  5 bats
  2 giant newts
  8 rats
50 creatures vanquished.

Notes
Turn   | Place    | Note
-------+----------+-------------------------------------------
     0 | D:1      | truemonolith the Halfling Berserker began the quest for the Orb.
     0 | D:1      | Reached XP level 1. HP: 15/15 MP: 1/1
   316 | D:1      | Reached XP level 2. HP: 11/20 MP: 2/2
   497 | D:1      | Reached skill level 5 in Short Blades
   500 | D:1      | Found a glowing golden altar of the Shining One.
   928 | D:1      | Reached XP level 3. HP: 22/25 MP: 3/3
  1749 | D:2      | Reached ** piety under Trog
  1828 | D:2      | HP: 1/25 [worm (8)]
  2086 | D:2      | Reached skill level 6 in Short Blades
  2150 | D:2      | Reached XP level 4. HP: 21/30 MP: 4/4
  2948 | D:3      | Found a white marble altar of Elyvilon.
  3020 | D:3      | Noticed Natasha
  3040 | D:3      | Killed Natasha
  3040 | D:3      | Reached skill level 7 in Short Blades
  3040 | D:3      | Reached XP level 5. HP: 22/35 MP: 5/5
  3314 | D:3      | Slain by an adder

Vault maps used:
D:1:      dpeg_arrival_stonehenge_8_columns, tso_metal_star
D:3:      lemuel_doored_altar, first_bread, uniq_natasha

Skill      XL: |  1  2  3  4 |
---------------+-------------+-----
Short Blades   | 5 6 7 |  7.3
Fighting       | |  2.6
Armour         | |  2.1
Dodging        | |  2.1

Action                   |  1- 3 |  4- 6 || total
-------------------------+-------+-------++-------
Melee: Short sword       |   148 |   112 ||   260
Invok: Berserk           |     2 |     2 ||     4
  Eat: Chunk             |     5 |       ||     5
       Bread ration      |       |     1 ||     1
       Royal jelly       |       |     1 ||     1
Armor: Animal skin       |    18 |     8 ||    26
Dodge: Dodged            |   113 |    82 ||   195
